 Dungeon Crawl Stone Soup version 0.18-a0-670-g393520a (webtiles) character file.

60 Proton the Shield-Bearer (level 4, -2/37 HPs)
             Began as a Formicid Fighter on Dec 6, 2015.
             Killed by divine providence
             ... invoked by an orc priest
              (17 damage)
             ... on level 3 of the Dungeon.
             The game lasted 00:02:19 (1273 turns).

Proton the Shield-Bearer (Formicid Fighter)         Turns: 1273, Time: 00:02:19

Health: -2/37      AC:  9    Str: 25    XL:     4   Next: 24%
Magic:  4/4        EV:  7    Int:  7    God:
Gold:   116        SH: 10    Dex: 10    Spells: 0 memorised, 3 levels left

rFire  . . .     SeeInvis +     a - +0 war axe
rCold  . . .     Clarity  .     i - +0 chain mail
rNeg   . . .     SustAt   .     c - +0 shield
rPois  .         Gourm    .     (helmet unavailable)
rElec  .         Spirit   .     (no cloak)
rCorr  .         Dismiss  .     (no gloves)
rMut   .         Stasis   +     (no boots)
MR     .....                    (no amulet)
Stlth  ..........               (no ring)
                                g - +3 ring of strength

@: not resistant to hostile enchantments, extremely unstealthy
A: permanent stasis, dig shafts and tunnels, four strong arms, antennae 3
a: Dig, Shaft Self


You were on level 3 of the Dungeon.
You were not hungry.

You visited 1 branch of the dungeon, and saw 3 of its levels.

You collected 116 gold pieces.

Inventory:

Hand Weapons
 a - a +0 war axe (weapon)
Armour
 c - a +0 shield (worn)
 i - a +0 chain mail (worn)
Jewellery
 g - a +3 ring of strength (left hand)
Scrolls
 f - 3 scrolls of identify {unknown}
 h - a scroll of teleportation {unknown}
Potions
 b - 2 potions of heal wounds {unknown}
 d - a potion of might
Comestibles
 e - a bread ration
 j - a meat ration
 k - a beef jerky


   Skills:
 + Level 3.7 Fighting
 + Level 2.5 Axes
 + Level 3.7 Armour
 + Level 1.5 Dodging
 + Level 3.9 Shields


You had 3 spell levels left.
You didn't know any spells.

Dungeon Overview and Level Annotations

Branches:
Dungeon (3/15)

Altars:
Elyvilon
Sif Muna


Innate Abilities, Weirdness & Mutations

You are under a permanent stasis effect.
You can dig through walls and to a lower floor.
Your four strong arms can wield two-handed weapons with a shield.
You have a pair of large antennae on your head (SInv).


Message History

You block the orc priest's attack.
You are too injured to fight recklessly!
You are too injured to fight recklessly!
You are too injured to fight recklessly!
You are too injured to fight recklessly!
You barely miss the orc priest.
The orc priest is severely wounded.
The orc priest barely misses you. x2
You barely miss the orc priest.
The orc priest is severely wounded.
The orc priest hits you but does no damage.
Your shield and chain mail prevent you from hitting the orc priest.
The orc priest is severely wounded.
The orc priest hits you but does no damage.
You block the orc priest's attack.
You barely miss the orc priest.
The orc priest is heavily wounded.
The orc priest mumbles some strange prayers to Beogh against you.
Something smites you!
You die...

### ..# #.# #o#
#.# #o### #.#o##
###{{#@#
##.#.####
####......#####.
+.........?.....
####......##....
##.#.### ###
###.# #.# #+#
#.#


You could see an orc priest.

Vanquished Creatures
  An adder (D:2)
  3 giant geckos
  2 orcs (D:3)
  2 ball pythons
  A giant cockroach (D:1)
  4 goblins
  7 hobgoblins
  8 jackals (D:2)
  7 kobolds
  3 bats
  4 giant newts (D:1)
  2 rats (D:1)
44 creatures vanquished.

Notes
Turn   | Place    | Note
--------------------------------------------------------------
     0 | D:1      | Proton the Formicid Fighter began the quest for the Orb.
     0 | D:1      | Reached XP level 1. HP: 18/18 MP: 1/1
    58 | D:1      | Reached XP level 2. HP: 21/24 MP: 2/2
   115 | D:1      | Reached skill level 1 in Dodging
   305 | D:1      | Reached XP level 3. HP: 27/29 MP: 3/3
   749 | D:2      | Found a white marble altar of Elyvilon.
   893 | D:2      | Reached XP level 4. HP: 33/37 MP: 4/4
   947 | D:2      | Found a deep blue altar of Sif Muna.
  1273 | D:3      | Killed from afar by an orc priest

Vault maps used:
D:1:      minmay_arrival_plants_in_alcoves, moated_statue
D:2:      overflow_temple_1_default, elyvilon_altar_5
D:3:      first_bread, minmay_cut_off

Action                   |  1- 3 |  4- 6 || total
-------------------------+-------+-------++-------
Melee: War axe           |   140 |    28 ||   168
 Abil: Dig               |       |     1 ||     1
  Eat: Bread ration      |       |     1 ||     1
